 Dungeon Crawl Stone Soup version 0.29-a0-885-gb26ba3297d (console) character file.

Game seed: 4326280816011075264

25 latons the Trooper (level 2, 27/27 HPs)
             Began as a Minotaur Fighter on May 16, 2022.
             Quit the game on level 1 of the Dungeon on July 20, 2022.
             The game lasted 00:03:17 (440 turns).

latons the Trooper (Minotaur Fighter)                Turns: 440, Time: 00:03:18

Health: 27/27      AC:  7    Str: 20    XL:     2   Next: 82%
Magic:  1/1        EV:  9    Int:  5    God:
Gold:   58         SH:  4    Dex:  9    Spells: 1/1 levels left

rFire   . . .      SeeInvis .   a - +0 flail
rCold   . . .      Faith    .   c - +0 buckler
rNeg    . . .      Spirit   .   b - +0 scale mail
rPois   .          Reflect  .   (helmet restricted)
rElec   .          Harm     .   (no cloak)
rCorr   .          Rampage  .   (no gloves)
Will    .....                   (no boots)
Stlth   ..........              (no amulet)
HPRegen 0.09/turn               (no ring)
MPRegen 0.07/turn               (no ring)

@: no status effects
A: horns 2, retaliatory headbutt
a: no special abilities


You were on level 1 of the Dungeon.
You visited 1 branch of the dungeon, and saw 1 of its levels.

You collected 58 gold pieces.

Inventory:

Hand Weapons
 a - a +0 flail (weapon)
Missiles
 f - 5 large rocks
Armour
 b - a +0 scale mail (worn)
 c - a +0 buckler (worn)
 g - a +2 leather armour of fire resistance
Scrolls
 i - a scroll of identify {unknown}
 j - a scroll of amnesia {unknown}
Potions
 d - 2 potions of might
 e - a potion of haste {unknown}
 h - a potion of degeneration {unknown}


   Skills:
 + Level 4.0 Fighting
 + Level 3.0 Maces & Flails
 + Level 3.9 Armour
 + Level 4.0 Shields


You had one spell level left.
You didn't know any spells.
Your spell library was empty.

Dungeon Overview and Level Annotations

Branches:
Dungeon (1/15)

Altars:


Innate Abilities, Weirdness & Mutations

You have a pair of horns on your head.
You reflexively headbutt those who attack you in melee.


Message History

A jackal comes into view.
Found a potion of might.
The jackal barks!
You hear a bark!
Welcome back, latons the Minotaur Fighter.
Press ? for a list of commands and other information.
A jackal comes into view.
The jackal barks!
A jackal comes into view.
The jackal moves out of view.
A jackal comes into view.
You block the jackal's attack.
The jackal bites you but does no damage.
The jackal attacks as you move away! You block the jackal's attack.
Welcome back, latons the Minotaur Fighter.
Press ? for a list of commands and other information.
You hit the jackal.
You kill the jackal!
Your Fighting skill increases to level 4!
You closely miss the jackal. You block the jackal's attack.
The jackal closely misses you.
You closely miss the jackal. You closely miss the jackal.
The jackal barely misses you. You furiously retaliate!
You headbutt the jackal!
You kill the jackal!
You block the jackal's attack. The jackal misses you. You furiously retaliate!
You headbutt the jackal!
You kill the jackal!
You closely miss the jackal. You headbutt the jackal.
You kill the jackal!
Your Shields skill increases to level 4!
Things that are here:
a jackal corpse; a jackal corpse You can't go up here!
You see here a jackal corpse.
There are no items here.
You see here a jackal corpse.
d - 2 potions of might (gained 1)
Found a spear.
You see here a +0 spear.
Found 28 stones.
Welcome back, latons the Minotaur Fighter.
Press ? for a list of commands and other information.
Are you sure you want to abandon this character and quit the game? (Confirm with "yes".)

.......####.......#
#.# ##.....#
#..####.## ##.#
####.### #.##
##.###.## ..##.#
#.# ##.).## .#.#.#
#.# ##.## .##..#
#.# #.# .###.# #.#
#.# .....#
#.########.# ####.#
#.......##.. ###.†#
#######.#####
.....# #...@....(#
..##†# #.###.###.#
## #.# #.# ####†#
#.# ....†## ...
......# #.# ####..#
#.# #...# .# #...#
#....# #....#


There were no monsters in sight!

Vanquished Creatures
  2 endoplasms (D:1)
  A giant cockroach (D:1)
  3 goblins (D:1)
  A hobgoblin (D:1)
  4 jackals (D:1)
  2 kobolds (D:1)
  4 bats (D:1)
  2 frilled lizards (D:1)
  3 rats (D:1)
22 creatures vanquished.

Notes
Turn   | Place    | Note
-------+----------+-------------------------------------------
     0 | D:1      | latons the Minotaur Fighter began the quest for the Orb.
     0 | D:1      | Reached XP level 1. HP: 19/19 MP: 0/0
   261 | D:1      | Reached XP level 2. HP: 27/27 MP: 1/1
   379 | D:1      | Upgraded the game from 0.29-a0-330-g52719c12eb to
                  | 0.29-a0-885-gb26ba3297d
   440 | D:1      | Quit the game

Illustrated notes

Levels and vault maps discovered:
D:1:      lemuel_arrival_muddy, layout_loops_ring,
          hellmonk_ecumenical_altar_zigzags

Skill      XL: |  1  2 |
---------------+-------+-----
Maces & Flails | 3 |  3.0
Fighting       | 4 |  4.0
Shields        | 4 |  4.0
Armour         | |  3.9

Action                   || total
-------------------------++-------
Melee: Flail             ||    39
       Headbutt          ||     6
Armor: Scale mail        ||    27
Dodge: Dodged            ||    25
Block: Buckler           ||     9

Table legend: (Time is in decaauts)
 A = Elapsed time spent in this place.
 B = Non-inter-level travel time spent in this place.
 C = Inter-level travel time spent in this place.
 D = Time resting spent in this place.
 E = Time spent auto-exploring this place.
 F = Levels seen in this place.
 G = Mean time per level.
                   A        B        C        D        E       F      G
               +--------+--------+--------+--------+--------+-----+--------+
         Total |    455 |    455 |      0 |      0 |    250 |   1 |  455.0 |
       Dungeon |    455 |    455 |      0 |      0 |    250 |   1 |  455.0 |
               +--------+--------+--------+--------+--------+-----+--------+

Top non-repeatable levels by time:
     D:1: 455 daAuts
